 Dungeon Crawl Stone Soup version 0.15-a0-1309-g3520d71 (webtiles) character file.

8852 Chiseanne the Hoplite (level 11, -3/86 HPs)
             Began as a Formicid Fighter on June 7, 2014.
             Was an Initiate of Gozag.
             Slain by a cyclops (28 damage)
             ... on Level 11 of the Dungeon.
             The game lasted 00:41:44 (11960 turns).

Chiseanne the Hoplite (Formicid Fighter)           Turns: 11960, Time: 00:41:44

HP  -3/86        AC 13     Str 25      XL: 11   Next: 63%
MP  15/15        EV 12     Int  7      God: Gozag
Gold 962         SH 21     Dex 10      Spells:  0 memorised, 10 levels left

rFire  + . .     SeeInvis +     s - +4,+3 quarterstaff (chaos)
rCold  + . .     Clarity  .     C - +2 ring mail of Jeir {rC+}
rNeg   . . .     rCorr    +     B - +2 large shield
rPois  .         rRot     .     (helmet unavailable)
rElec  .         Spirit   .     y - +1 cloak
SustAb .         Warding  .     n - +1 pair of gloves
rMut   .         Stasis   +     (no boots)
Gourm  .                        l - cursed amulet of resist corrosion
MR     ++...                    I - ring of protection from fire
                                k - cursed ring of protection from magic

@: very resistant to hostile enchantments, extremely unstealthy
A: permanent stasis, dig shafts and tunnels, four strong arms, antennae 3
a: Dig, Shaft Self, Potion Petition, Call Merchant, Bribe Branch, Renounce
Religion


You were on level 11 of the Dungeon.
You worshipped Gozag.
Gozag was noncommittal.
You were hungry.

You visited 2 branches of the dungeon, and saw 12 of its levels.

You collected 1363 gold pieces.
You spent 234 gold pieces at shops.
You paid 167 gold pieces to Gozag.

Inventory:

Hand weapons
 a - a +2,+2 flail of crushing
 d - the +1,+8 scimitar "Ihudi Hiw" {slice, +Fly rC- Dex+2}
   (You found it on level 9 of the Dungeon)

   It inflicts extra damage upon your enemies.
   It affects your dexterity (+2).
   It makes you vulnerable to cold.
   It lets you fly.
 e - a +0,+1 battleaxe
 s - a +4,+3 quarterstaff of chaos (weapon)
Missiles
 i - 18 tomahawks (quivered)
 w - 3 steel tomahawks
 J - 4 tomahawks of returning
Armour
 n - a +1 pair of gloves (worn)
 y - a +1 cloak (worn)
 B - a +2 large shield (worn)
 C - the +2 ring mail of Jeir (worn) {rC+}
   (You bought it in a shop on level 4 of the Dungeon)

   It protects you from cold.
 G - a +1 leather armour of magic resistance
Magical devices
 p - a wand of digging (9)
 t - a wand of disintegration (10)
 u - a wand of digging (18)
 Q - a wand of frost (0)
Comestibles
 f - 7 meat rations
 r - 2 beef jerkies
 O - 4 bread rations
Scrolls
 b - 3 scrolls of magic mapping
 q - 2 scrolls of identify
 L - 3 scrolls of remove curse
Jewellery
 c - an uncursed ring of protection from cold
 k - a cursed ring of protection from magic (left hand)
 l - a cursed amulet of resist corrosion (around neck)
 z - an uncursed amulet of resist mutation
 I - a ring of protection from fire (right hand)
Potions
 g - 2 potions of restore abilities
 h - 6 potions of curing
 j - 3 potions of heal wounds {unknown}
 v - a potion of poison {unknown}
 H - a potion of paralysis {unknown}
 M - a potion of degeneration {unknown}
 N - a potion of cure mutation {unknown}
Miscellaneous
 P - a stone of tremors (inert)


   Skills:
 * Level 8.3 Fighting
 - Level 4.0 Axes
 - Level 4.8 Maces & Flails
 * Level 3.5 Staves
 * Level 7.4 Armour
 * Level 8.5 Dodging
 * Level 12.0 Shields


You had 10 spell levels left.
You didn't know any spells.

Dungeon Overview and Level Annotations

Branches:
Dungeon (11/15)            Temple (1/1) D:5            Lair (0/8) D:11
    Orc: D:9-12

Altars:
Ashenzari
Cheibriados
Dithmenos
Elyvilon
Fedhas
Gozag
Kikubaaqudgha
Makhleb
Nemelex Xobeh
Okawaru
Qazlal
Sif Muna
Trog
Vehumet
Xom
Yredelemnul
Zin
The Shining One

Shops:
D:4 [


Innate Abilities, Weirdness & Mutations

Your are under a permanent stasis effect.
You can dig through walls and to a lower floor.
Your four strong arms can wield two-handed weapons with a shield.
You have a pair of large antennae on your head (SInv).


Message History

You block the rat's attack.
You closely miss the rat. You block the rat's attack.
You hit the rat but do no damage.
The rat is poisoned.
You block the rat's attack.
You closely miss the rat.
You kill the rat!
The cyclops throws a large rock.
The large rock hits you!!
* * * LOW HITPOINT WARNING * * *
You block the cyclops' attack.
You hit the cyclops. You freeze the cyclops.
The cyclops is lightly wounded.
You block the cyclops' attack.
You hit the cyclops.
The cyclops goes berserk!
The cyclops is moderately wounded.
You block the cyclops' attack.
You barely miss the cyclops.
The cyclops is moderately wounded.
The cyclops hits you!!
You die...
Your body crumbles into a pile of gold.

.........PPP..P...P....
..|...(P.PP.PP..PP..P.P.
..<(......$..$>.P.PPP..#
....)...PPPPP...PPPP..P.
..........PP.PP..P..P...
............PP....PPP...
###.####....PPP(.PPP..#.
..........P.PP.PPP...#
##.####....P..P@P...#..
#.# ##.P..PPPC.PP.# ..#
##.P..........$# .#
.....P.....##.## $ .
........... #
.......###. #####.. .#
#.# #.#


You could see a cyclops (berserk).

Vanquished Creatures
  Pikel (D:6)
  2 hill giants (D:10)
  A cyclops (D:11)
  Maurice (D:9)
  A trapdoor spider (D:10)
  A yak (D:10)
  A wyvern (shapeshifter) (D:10)
  2 hippogriffs
  The ghost of Chiseanne the Shield-Bearer, an average FoFi (D:3)
  A hungry ghost (D:9)
  Edmund (D:6)
  A steam dragon (D:10)
  Menkaure (D:7)
  A mottled dragon (D:11)
  4 orc warriors
  2 ice beasts
  2 black bears (D:10)
  A phantom (D:6)
  8 sky beasts
  3 slaves (D:6)
  8 ogres
  A yellow wasp (D:8)
  Sigmund (D:2)
  A centaur (D:5)
  7 giant frogs
  3 crocodiles
  A cyclops zombie (D:8)
  3 scorpions
  A hippogriff zombie (D:5)
  A yak zombie (D:9)
  A hippogriff skeleton (D:9)
  4 wights (D:8)
  3 crimson imps
  A giant frog zombie (D:5)
  2 iguanas
  An elf zombie (D:10)
  2 orc priests
  Crazy Yiuf (D:3)
  2 quasits
  5 hounds
  3 jellies
  A giant frog skeleton (D:8)
  8 orc wizards
  Natasha (D:4)
  9 worker ants
  An elf skeleton (D:7)
  A killer bee zombie (D:7)
  An ogre zombie (D:10)
  Jessica (D:2)
  A mummy (D:8)
  2 worker ant zombies
  An orc zombie (D:5)
  19 adders
  11 gnolls
  2 shadow imps
  2 giant mites
  2 worms
  An iguana skeleton (D:6)
  8 giant geckos
  2 oozes (D:2)
  39 orcs
  2 ball pythons
  7 giant cockroaches
  14 goblins
  11 hobgoblins
  6 jackals
  17 kobolds
  5 quokkas
  15 bats
  6 giant newts
  A hobgoblin zombie (D:8)
  22 rats
  5 ballistomycetes
  4 fungi (D:11)
316 creatures vanquished.

Vanquished Creatures (others)
  A yellow wasp (D:10)
  A jelly (D:5)
  2 orc wizards (D:5)
  2 orcs
  2 giant spores
  3 fungi (D:11)
11 creatures vanquished.

Grand Total: 327 creatures vanquished

Notes
Turn   | Place    | Note
--------------------------------------------------------------
     0 | D:1      | Chiseanne, the Formicid Fighter, began the quest for the Orb.
     0 | D:1      | Reached XP level 1. HP: 18/18 MP: 1/1
     2 | D:1      | Noticed a demonspawn
     2 | D:1      | Noticed a human
     4 | D:1      | Noticed a spriggan
     4 | D:1      | Noticed a minotaur
     6 | D:1      | Noticed a centaur
     6 | D:1      | Noticed an ogre
     8 | D:1      | Noticed a dwarf
    10 | D:1      | Noticed a draconian
    10 | D:1      | Noticed a demigod
    12 | D:1      | Noticed a vine stalker
    12 | D:1      | Noticed a felid
    14 | D:1      | Noticed a vampire
    14 | D:1      | Noticed a gargoyle
    16 | D:1      | Noticed a merfolk
    18 | D:1      | Noticed an octopode
    18 | D:1      | Noticed a troll
    20 | D:1      | Noticed a naga
    20 | D:1      | Noticed a formicid
    22 | D:1      | Noticed a tengu
    22 | D:1      | Noticed a ghoul
    26 | D:1      | Noticed an elf
    97 | D:1      | Reached XP level 2. HP: 12/24 MP: 3/3
   381 | D:1      | Reached skill level 4 in Shields
   386 | D:1      | Reached XP level 3. HP: 10/29 MP: 4/4
  1201 | D:2      | Reached XP level 4. HP: 33/37 MP: 5/5
  1330 | D:2      | Noticed Jessica
  1345 | D:2      | Killed Jessica
  1437 | D:2      | Reached skill level 1 in Dodging
  1529 | D:2      | Reached XP level 5. HP: 36/42 MP: 7/7
  1574 | D:2      | Noticed Sigmund
  2045 | D:3      | Noticed Crazy Yiuf
  2052 | D:3      | Killed Crazy Yiuf
  2096 | D:3      | Noticed Chiseanne's ghost (average FoFi)
  2106 | D:3      | Killed Chiseanne's ghost
  2106 | D:3      | Reached skill level 5 in Shields
  2106 | D:3      | Reached XP level 6. HP: 11/49 MP: 8/8
  2769 | D:4      | Found Joatouf's Antique Armour Shoppe.
  2819 | D:4      | Found an iron altar of Okawaru.
  2849 | D:4      | Found a shadowy altar of Dithmenos.
  2881 | D:4      | Reached XP level 7. HP: 52/55 MP: 9/9
  2937 | D:4      | Found a basalt altar of Yredelemnul.
  3001 | D:4      | Found a radiant altar of Vehumet.
  3059 | D:4      | Found a sparkling altar of Nemelex Xobeh.
  3151 | D:4      | Noticed Natasha
  3156 | D:4      | Killed Natasha
  3156 | D:4      | Reached skill level 5 in Fighting
  3253 | D:5      | Entered Level 5 of the Dungeon
  3404 | D:2      | Killed Sigmund
  3864 | D:2      | Reached XP level 8. HP: 62/62 MP: 11/11
  4169 | D:5      | Reached skill level 5 in Armour
  4169 | D:5      | Reached skill level 6 in Shields
  4826 | D:5      | Found a staircase to the Ecumenical Temple.
  4837 | Temple   | Entered the Ecumenical Temple
  4897 | Temple   | Became a worshipper of Gozag Ym Sagoz the Greedy
  5277 | D:4      | Bought a transparent ring mail for 234 gold pieces
  5278 | D:4      | Identified the +2 ring mail of Jeir {rC+} (You bought it in a shop on level 4 of the Dungeon)
  5328 | D:6      | Found a blossoming altar of Fedhas.
  5377 | D:6      | Noticed Edmund
  5401 | D:6      | Killed Edmund
  5401 | D:6      | Reached skill level 1 in Maces & Flails
  5401 | D:6      | Reached skill level 7 in Shields
  5638 | D:6      | Noticed Pikel
  5664 | D:6      | Killed Pikel
  5664 | D:6      | Reached skill level 5 in Dodging
  5664 | D:6      | Reached XP level 9. HP: 39/69 MP: 12/12
  5869 | D:6      | Reached skill level 8 in Shields
  6653 | D:6      | Reached skill level 9 in Shields
  6928 | D:7      | Reached XP level 10. HP: 53/77 MP: 13/13
  7152 | D:7      | Found a white marble altar of Elyvilon.
  7595 | D:7      | Noticed Menkaure
  7771 | D:7      | Killed Menkaure
  8004 | D:8      | Found a glowing silver altar of Zin.
  8206 | D:8      | Reached skill level 10 in Shields
  8835 | D:9      | Got a shimmering scimitar
  8836 | D:9      | Identified the +1,+8 scimitar "Ihudi Hiw" {slice, +Fly rC- Dex+2} (You found it on level 9 of the Dungeon)
  9001 | D:9      | Found a shattered altar of Ashenzari.
  9074 | D:9      | Found a shadowy altar of Dithmenos.
  9103 | D:9      | Reached skill level 1 in Staves
  9284 | D:9      | Noticed Maurice
  9332 | D:9      | Killed Maurice
  9492 | D:9      | Reached skill level 11 in Shields
  9901 | D:10     | Entered Level 10 of the Dungeon
  9929 | D:10     | Reached XP level 11. HP: 82/84 MP: 15/15
 10659 | D:10     | Found a flagged portal.
 10825 | D:10     | Noticed a hill giant
 10850 | D:10     | Killed a hill giant
 11590 | D:11     | Found a staircase to the Lair.
 11590 | D:11     | Noticed a cyclops
 11720 | D:10     | Noticed a hill giant
 11737 | D:10     | Killed a hill giant
 11866 | D:11     | Killed a cyclops
 11913 | D:11     | Reached skill level 12 in Shields
 11950 | D:11     | Noticed a cyclops
 11960 | D:11     | Slain by a cyclops

Action                   |  1- 3 |  4- 6 |  7- 9 | 10-12 || total
-------------------------+-------+-------+-------+-------++-------
Melee: War axe           |    84 |    60 |       |       ||   144
       Quarterstaff      |       |    53 |   316 |   556 ||   925
       Flail             |       |       |   100 |   110 ||   210
       Unarmed           |       |       |       |     1 ||     1
Throw: Tomahawk          |       |       |     1 |     5 ||     6
Evoke: Wand              |       |       |     1 |    14 ||    15
       Stone of tremors  |       |       |       |     1 ||     1
  Use: Scroll            |       |     7 |     7 |     7 ||    21
       Potion            |       |     1 |     2 |     2 ||     5
 Stab: Petrifying        |       |     1 |     1 |     5 ||     7
       Confused          |       |       |     1 |       ||     1
       Distracted        |       |       |     1 |       ||     1
       Paralysed         |       |       |       |    15 ||    15
       Petrified         |       |       |       |     2 ||     2
